Map: Prion Terraces

Players

LilDicky - Winner!

  • Race: Terran Terran
  • League: Diamond

IIIIIIIIIIII

  • Race: Terran Terran
  • League: Platinum

VOD

http://www.twitch.tv/tumescentpie

Description

Time

  • Played on: Nov. 30, 2015, 12:04 p.m.
  • Length: 6:05
Show
View Real Time Build Order
Export as new Build Order

LilDicky Terran - Winner!

Build Orders:  

Get SALT Encoding   

  12  0:01  SCV  
  13  0:13  SCV  
  14  0:18  Supply Depot  
  14  0:25  SCV  
  15  0:40  SCV  
  15  0:42  Barracks  
  16  0:52  SCV  
  17  1:04  SCV  
  18  1:14  Barracks  
  18  1:15  Barracks  
  18  1:24  Supply Depot  
  18  1:25  SCV  
  19  1:34  Marine  
  19  1:37  Orbital Command  
  20  1:57  Marine  
  20  2:01  Marine  
  21  2:02  Marine  
  21  2:07  Barracks  
  23  2:12  Barracks  
  23  2:15  Marine  
  24  2:23  Supply Depot  
  24  2:24  Marine  
  24  2:28  Marine  
  26  2:34  SCV, Marine  
  27  2:47  Marine x2  
  29  2:52  Marine  
  29  2:56  Marine  
  31  3:04  Marine  
  31  3:05  Marine x2  
  31  3:10  Marine  
  31  3:13  SCV  
  31  3:14  Marine  
  33  3:22  Marine  
  33  3:23  Marine x2  
  35  3:28  Marine  
  35  3:32  Marine  
  32  3:40  Marine x3  
  34  3:46  Marine  
  34  3:48  SCV  
  32  3:50  Marine  
  33  3:58  Marine x3  
  33  4:00  SCV  
  37  4:03  Marine  
  37  4:07  Marine  
  38  4:16  Marine x2  
  39  4:17  Marine  
  39  4:21  Marine  
  38  4:25  Marine  
  39  4:40  Marine x4  
  39  4:43  Marine  
  39  4:58  Marine x4  
  39  5:35  Orbital Command  
Show
View Real Time Build Order
Export as new Build Order

IIIIIIIIIIII Terran 

Build Orders: 1/1/1, Banshee Rush 

Get SALT Encoding   

  12  0:01  SCV  
  13  0:13  SCV  
  14  0:17  Supply Depot  
  14  0:25  SCV  
  15  0:30  Refinery  
  15  0:39  SCV  
  16  0:46  Barracks  
  16  0:56  SCV  
  17  1:08  SCV  
  18  1:17  Supply Depot  
  18  1:18  Refinery  
  18  1:22  SCV  
  19  1:37  Factory  
  19  1:42  Orbital Command  
  19  1:48  Marine  
  20  2:06  Marine  
  21  2:08  SCV  
  22  2:20  SCV  
  22  2:21  Starport  
  23  2:28  Marine  
  24  2:32  SCV  
  24  2:36  Supply Depot  
  24  2:37  Factory Tech Lab  
  23  2:45  SCV  
  24  2:52  Marine  
  24  2:57  SCV  
  26  2:59  Starport Tech Lab  
  24  3:09  Siege Tank  
  24  3:11  Marine  
  26  3:29  SCV  
  18  3:41  SCV  
  17  3:52  Banshee  
  20  3:56  Cloaking Field  
  20  3:59  SCV  
  15  4:19  SCV  
  4  4:49  Orbital Command  
Tags
 
Add a new tag
Caveats
  • Supply blocks, unpowered buildings, or Contaminate may cause inaccurate times.
  • Supply counts are checked every 10 seconds.